RedWings vs Jets

Created - November 3, 2016 at 18:09

Goals
1 2 3 OT1 T
RedWings 2 0 0 0 2
Jets 1 1 0 1 3
Shots
1 2 3 OT1 T
RedWings 14 9 9 1 33
Jets 12 16 11 3 42

1st period

1. RedWings , David Pastrnak 3 (Sean Monahan, Sam Gagner) at 2:21
2. RedWings , Tyler Toffoli 4 (Zach Trotman, Filip Forsberg) at 2:50
3. Jets , Tobias Enstrom 2 (Cam Atkinson, Jason Zucker) at 6:32 (PP)

Penalties :
Zach Trotman (DET) for Roughing (Minor) at 5:26, Tobias Enstrom (WPG) for Cross-checking (Minor) at 9:58, Radko Gudas (WPG) for Roughing (Minor) at 10:29, Radko Gudas (WPG) for High sticking (Minor) at 18:19

2nd period

4. Jets , Radko Gudas 1 (Rickard Rakell, Cam Atkinson) at 0:43

Penalties :
Rickard Rakell (WPG) for Hooking (Minor) at 1:35, Hampus Lindholm (WPG) for Roughing (Minor) at 7:54

3rd period

No Goal

Penalties :
Thomas Hickey (DET) for Cross-checking (Minor) at 0:45, Sean Monahan (DET) for Holding (Minor) at 6:33, Radko Gudas (WPG) for Hooking (Minor) at 11:38

Overtime #1

5. Jets , Joe Pavelski 9 (Jason Zucker, Tobias Enstrom) at 3:45

Penalties :
No Penalty

Goalie Stats

Roberto Luongo (DET), 39 saves from 42 shots - (0.929), OTL, 3-1-2, 63:46 minutes
Cory Schneider (WPG), 31 saves from 33 shots - (0.939), W, 9-2-1, 63:46 minutes

Players Stats for RedWings

Player Name              G  A  P  +/- PIM S  H  SB GA TA FO     MP     PP MP  PK MP  
------------------------------------------------------------------------------------
Alexandre Burrows        0  0  0  -1  0   0  1  0  0  0  0/0    10:02   0:00   0:27 
Andrew Campbell          0  0  0   0  0   0  1  2  0  0  0/0    18:30   0:00   1:23 
Andrew Cogliano          0  0  0   0  0   0  1  0  0  0  1/2     7:18   0:00   1:37 
David Pastrnak           1  0  1   1  0   5  3  0  0  0  1/1    18:30   3:59   0:00 
Eric Gryba               0  0  0   0  0   2  1  0  0  0  0/0    21:51   4:47   0:00 
Erik Haula               0  0  0  -1  0   3  1  0  0  0  2/4    12:20   0:00   3:00 
Filip Forsberg           0  1  1   1  0   3  7  1  0  0  2/3    24:48   6:27   1:37 
Jamie McBain             0  0  0   1  0   1  0  1  0  0  0/0    19:03   5:39   2:24 
Jonathan Drouin          0  0  0   1  0   4  1  0  0  0  8/28   19:56   3:59   0:14 
Mikhail Grabovski        0  0  0  -1  0   1  0  0  0  0  5/11    9:17   0:00   0:00 
Paul Martin              0  0  0   0  0   1  1  0  0  0  0/0    28:39   5:39   2:33 
Sam Gagner               0  1  1   1  0   3  0  0  0  0  0/2    25:13   6:17   3:13 
Sean Monahan             0  1  1   1  2   3  0  0  0  0  19/32  20:09   3:59   0:00 
Sven Andrighetto         0  0  0   0  0   1  0  0  0  0  0/0     5:41   0:00   0:00 
Thomas Hickey            0  0  0   0  2   1  1  2  0  0  0/0    23:09   4:47   1:33 
Tyler Toffoli            1  0  1   1  0   4  1  1  0  0  4/14   23:25   6:27   0:00 
Vincent Lecavalier       0  0  0   0  0   1  0  0  0  0  6/7     5:51   0:10   0:00 
Zach Trotman             0  1  1   1  2   0  2  3  0  0  0/0    16:15   0:00   2:15 

Players Stats for Jets

Player Name              G  A  P  +/- PIM S  H  SB GA TA FO     MP     PP MP  PK MP  
------------------------------------------------------------------------------------
Adam Lowry               0  0  0   0  0   1  1  1  0  0  0/0    11:07   0:00   6:44 
Boyd Gordon              0  0  0   0  0   2  0  0  0  0  5/9     5:38   0:00   1:15 
Brent Seabrook           0  0  0  -2  0   1  2  1  0  0  0/0    23:37   2:28   3:38 
Cam Atkinson             0  2  2  -1  0   4  0  0  0  0  0/0    17:36   2:36   0:00 
David Krejci             0  0  0   0  0   2  0  1  0  0  11/25  19:43   2:28   0:08 
Erik Gustafsson          0  0  0   0  0   0  0  0  0  0  0/0     5:28   0:00   0:00 
Frans Nielsen            0  0  0  -1  0   4  1  0  0  0  17/29  21:31   2:36   2:11 
Hampus Lindholm          0  0  0   0  2   1  1  2  0  0  0/0    22:31   2:28   3:12 
Jason Zucker             0  2  2   0  0   1  1  0  0  0  0/1    18:23   2:36   0:00 
Joe Pavelski             1  0  1   0  0   11 1  0  0  0  2/2    19:02   2:28   0:00 
Nate Schmidt             0  0  0   1  0   0  0  1  0  0  0/0    14:44   0:00   1:15 
Nick Bonino              0  0  0   0  0   0  0  1  0  0  17/31  17:41   0:00   7:03 
Patrick Eaves            0  0  0   0  0   2  0  0  0  0  1/2    15:19   0:00   1:15 
Radko Gudas              1  0  1   1  6   1  1  1  0  0  0/0    15:06   0:00   2:12 
Rickard Rakell           0  1  1  -1  2   8  2  0  0  0  3/4    19:08   2:28   0:00 
Teemu Pulkkinen          0  0  0   0  0   1  0  0  0  0  0/1    10:29   0:00   0:48 
Tobias Enstrom           1  1  2   0  2   1  0  2  0  0  0/0    22:48   2:36   4:41 
Tyler Myers              0  0  0  -2  0   2  0  0  0  0  0/0    23:13   2:36   5:53 

3 Stars

1 - Filip Forsberg (DET)
2 - David Pastrnak (DET)
3 - Tyler Toffoli (DET)

Power Play

RedWings - 0 on 6 Attempt(s) - 0.00%
Jets - 1 on 3 Attempt(s) - 33.33%

Penalty Kill

RedWings - 2 on 3 Attempt(s) - 66.67% - Score 0 goal in Penalty Kill
Jets - 6 on 6 Attempt(s) - 100.00% - Score 0 goal in Penalty Kill

Team Stat

RedWings - Hits : 21 - Faceoff Wins : 48 - Blocked Shots : 10 - Penalty Minutes : 6
Jets - Hits : 10 - Faceoff Wins : 56 - Blocked Shots : 10 - Penalty Minutes : 12

Official

Referees : Greg Kimmerly and Brad Watson
Linesman : Pierre Racicot and Steve Miller

Game Notes

No Game Note

Finance

Level 1 -- Attendance: 6000 (100.00%) -- Ticket Income $588,000
Level 2 -- Attendance: 4347 (86.94%) -- Ticket Income $334,719
Level 3 -- Attendance: 2036 (92.55%) -- Ticket Income $146,592
Level 4 -- Attendance: 1016 (100.00%) -- Ticket Income $67,056
Luxury Box -- Attendance: 754 (94.25%) -- Ticket Income $173,420
Game was played at the MTS Center.
Total Attendance: 14153 (94.25%)
Total Ticket Income: $1,309,787
Other Income: $196,468
Total Income: $1,506,255

% Time on Ice - RedWings

Lines # - Real PCT - Wanted PCT - Time Play
Normal Forward
1 - 32% - 35% - 14:19
2 - 34% - 35% - 15:13
3 - 21% - 20% - 9:17
4 - 13% - 10% - 5:41
Normal Defense
1 - 34% - 40% - 15:19
2 - 35% - 30% - 15:22
3 - 24% - 20% - 10:30
4 - 7% - 10% - 3:19
PP Forward
1 - 62% - 60% - 6:27
2 - 38% - 40% - 3:59
PP Defense
1 - 54% - 60% - 5:39
2 - 46% - 40% - 4:47
PK Forward
1 - 68% - 60% - 3:27
2 - 32% - 40% - 1:37
PK Defense
1 - 50% - 60% - 2:33
2 - 50% - 40% - 2:31
PK3 Forward
1 - 0% - 60%
2 - 0% - 40%
PK3 Defense
1 - 0% - 60%
2 - 0% - 40%
44 Forward
1 - 0% - 60%
2 - 0% - 40%
44 Defense
1 - 0% - 60%
2 - 0% - 40%
Last Minute Offensive  - 0:00
Last Minute Defensive  - 0:00
Total
Forward - 60:00
Defense - 60:00

% Time on Ice - Jets

Lines # - Real PCT - Wanted PCT - Time Play
Normal Forward
1 - 35% - 34% - 15:26
2 - 34% - 33% - 15:00
3 - 22% - 21% - 9:41
4 - 10% - 12% - 4:23
Normal Defense
1 - 34% - 34% - 15:11
2 - 29% - 33% - 13:00
3 - 27% - 24% - 11:48
4 - 10% - 9% - 4:31
PP Forward
1 - 49% - 63% - 2:28
2 - 51% - 37% - 2:36
PP Defense
1 - 49% - 70% - 2:28
2 - 51% - 30% - 2:36
PK Forward
1 - 86% - 65% - 7:43
2 - 14% - 35% - 1:15
PK Defense
1 - 55% - 60% - 4:55
2 - 45% - 40% - 4:03
PK3 Forward
1 - 100% - 70% - 1:28
2 - 0% - 30% - 0:00
PK3 Defense
1 - 66% - 60% - 0:58
2 - 34% - 40% - 0:30
44 Forward
1 - 0% - 50%
2 - 0% - 50%
44 Defense
1 - 0% - 51%
2 - 0% - 49%
Last Minute Offensive  - 0:00
Last Minute Defensive  - 0:00
Total
Forward - 60:00
Defense - 60:00

Play by Play

1st period


0:01 of 1st period - Sean Monahan wins face-off versus David Krejci in neutral zone.
0:20 of 1st period - Icing by Hampus Lindholm.
0:21 of 1st period - David Krejci wins face-off versus Tyler Toffoli in Jets zone.
0:38 of 1st period - Shot by Joe Pavelski.
0:38 of 1st period - Deflect By Jason Zucker.
0:38 of 1st period - Shot Blocked by Andrew Campbell.
0:40 of 1st period - Shot by Jason Zucker.
0:40 of 1st period - Deflect By Joe Pavelski.
0:40 of 1st period - Stopped by Roberto Luongo without a rebound.
0:41 of 1st period - Frans Nielsen wins face-off versus Mikhail Grabovski in RedWings zone.
0:44 of 1st period - Shot by Rickard Rakell.
0:44 of 1st period - Stopped by Roberto Luongo with a rebound.
1:02 of 1st period - Shot by Cam Atkinson.
1:02 of 1st period - Stopped by Roberto Luongo without a rebound.
1:03 of 1st period - Vincent Lecavalier wins face-off versus Nick Bonino in RedWings zone.
1:10 of 1st period - Shot by Nick Bonino.
1:10 of 1st period - Shot Misses the Net.
1:39 of 1st period - Andrew Cogliano is hit by Radko Gudas and loses puck.
1:49 of 1st period - Radko Gudas is hit by Andrew Cogliano and loses puck.
1:59 of 1st period - Icing by Nate Schmidt.
2:00 of 1st period - Sean Monahan wins face-off versus Nick Bonino in Jets zone.
2:03 of 1st period - Shot by David Pastrnak.
2:03 of 1st period - Shot Misses the Net.
2:21 of 1st period - Shot by David Pastrnak.
2:21 of 1st period - Goal by David Pastrnak - RedWings : 1 - Jets : 0.
2:22 of 1st period - Frans Nielsen wins face-off versus Tyler Toffoli in neutral zone.
2:28 of 1st period - Frans Nielsen is hit by Zach Trotman and loses puck.
2:35 of 1st period - Tyler Myers is hit by Filip Forsberg and loses puck.
2:42 of 1st period - Shot by Tyler Toffoli.
2:42 of 1st period - Shot Misses the Net.
2:44 of 1st period - Shot by Tyler Toffoli.
2:44 of 1st period - Shot Misses the Net.
2:46 of 1st period - Shot by Tyler Toffoli.
2:46 of 1st period - Shot Misses the Net.
2:48 of 1st period - Shot by Zach Trotman.
2:48 of 1st period - Shot Misses the Net.
2:50 of 1st period - Shot by Tyler Toffoli.
2:50 of 1st period - Goal by Tyler Toffoli - RedWings : 2 - Jets : 0.
2:51 of 1st period - Sean Monahan wins face-off versus David Krejci in neutral zone.
2:54 of 1st period - Tobias Enstrom is hit by David Pastrnak.
2:55 of 1st period - Icing by Tobias Enstrom.
2:56 of 1st period - Sean Monahan wins face-off versus David Krejci in Jets zone.
3:31 of 1st period - Shot by David Pastrnak.
3:31 of 1st period - Stopped by Cory Schneider without a rebound.
3:32 of 1st period - Patrick Eaves wins face-off versus Jonathan Drouin in Jets zone.
3:47 of 1st period - Shot by Patrick Eaves.
3:47 of 1st period - Shot Misses the Net.
3:55 of 1st period - Shot by Adam Lowry.
3:55 of 1st period - Shot Blocked by Zach Trotman.
3:57 of 1st period - Shot by Boyd Gordon.
3:57 of 1st period - Stopped by Roberto Luongo without a rebound.
3:58 of 1st period - Frans Nielsen wins face-off versus Mikhail Grabovski in RedWings zone.
4:12 of 1st period - Icing by Paul Martin.
4:13 of 1st period - Mikhail Grabovski wins face-off versus David Krejci in RedWings zone.
4:52 of 1st period - Shot by Joe Pavelski.
4:52 of 1st period - Stopped by Roberto Luongo without a rebound.
4:53 of 1st period - Frans Nielsen wins face-off versus Jonathan Drouin in RedWings zone.
4:57 of 1st period - Icing by Jamie McBain.
4:58 of 1st period - Frans Nielsen wins face-off versus Jonathan Drouin in RedWings zone.
5:14 of 1st period - Tyler Toffoli is hit by Rickard Rakell and loses puck.
5:26 of 1st period - Minor Penalty to Zach Trotman for Roughing.
5:27 of 1st period - David Krejci wins face-off versus Erik Haula in RedWings zone.
5:46 of 1st period - Shot by Brent Seabrook.
5:46 of 1st period - Stopped by Roberto Luongo with a rebound.
5:48 of 1st period - Shot by Brent Seabrook.
5:48 of 1st period - Shot Misses the Net.
6:02 of 1st period - Shot by Joe Pavelski.
6:02 of 1st period - Stopped by Roberto Luongo with a rebound.
6:04 of 1st period - Shot by Rickard Rakell.
6:04 of 1st period - Stopped by Roberto Luongo without a rebound.
6:05 of 1st period - Frans Nielsen wins face-off versus Andrew Cogliano in RedWings zone.
6:06 of 1st period - Shot by Cam Atkinson.
6:06 of 1st period - Shot Misses the Net.
6:30 of 1st period - Shot by Cam Atkinson.
6:30 of 1st period - Shot Blocked by Jamie McBain.
6:32 of 1st period - Shot by Tobias Enstrom.
6:32 of 1st period - Goal by Tobias Enstrom - RedWings : 2 - Jets : 1.
6:33 of 1st period - Boyd Gordon wins face-off versus Jonathan Drouin in neutral zone.
6:38 of 1st period - Shot by Adam Lowry.
6:38 of 1st period - Stopped by Roberto Luongo without a rebound.
6:39 of 1st period - Jonathan Drouin wins face-off versus Boyd Gordon in RedWings zone.
6:43 of 1st period - Icing by Tyler Toffoli.
6:44 of 1st period - Frans Nielsen wins face-off versus Jonathan Drouin in RedWings zone.
7:29 of 1st period - Shot by Frans Nielsen.
7:29 of 1st period - Deflect By Cam Atkinson.
7:29 of 1st period - Stopped by Roberto Luongo without a rebound.
7:30 of 1st period - Sean Monahan wins face-off versus David Krejci in RedWings zone.
7:40 of 1st period - Icing by Andrew Campbell.
7:41 of 1st period - Nick Bonino wins face-off versus Sean Monahan in RedWings zone.
9:12 of 1st period - Shot by Erik Haula.
9:12 of 1st period - Stopped by Cory Schneider with a rebound.
9:47 of 1st period - Shot by Tyler Toffoli.
9:47 of 1st period - Shot Blocked by Tobias Enstrom.
9:49 of 1st period - Shot by Tyler Toffoli.
9:49 of 1st period - Shot Misses the Net.
9:51 of 1st period - Shot by Jonathan Drouin.
9:51 of 1st period - Shot Misses the Net.
9:53 of 1st period - Shot by Tyler Toffoli.
9:53 of 1st period - Shot Misses the Net.
9:55 of 1st period - Shot by Filip Forsberg.
9:55 of 1st period - Stopped by Cory Schneider with a rebound.
9:57 of 1st period - Shot by Filip Forsberg.
9:57 of 1st period - Shot Misses the Net.
9:58 of 1st period - Minor Penalty to Tobias Enstrom for Cross-checking.
9:59 of 1st period - Nick Bonino wins face-off versus Tyler Toffoli in Jets zone.
10:28 of 1st period - Shot by Filip Forsberg.
10:28 of 1st period - Shot Misses the Net.
10:29 of 1st period - Minor Penalty to Radko Gudas for Roughing.
10:30 of 1st period - Nick Bonino wins face-off versus Sean Monahan in Jets zone.
11:07 of 1st period - Shot by Thomas Hickey.
11:07 of 1st period - Stopped by Cory Schneider without a rebound.
11:08 of 1st period - Tyler Toffoli wins face-off versus Frans Nielsen in Jets zone.
12:25 of 1st period - Shot by Jamie McBain.
12:25 of 1st period - Stopped by Cory Schneider without a rebound.
12:26 of 1st period - Nick Bonino wins face-off versus Tyler Toffoli in Jets zone.
12:35 of 1st period - Shot by David Krejci.
12:35 of 1st period - Shot Misses the Net.
13:47 of 1st period - Shot by Eric Gryba.
13:47 of 1st period - Stopped by Cory Schneider with a rebound.
13:49 of 1st period - Shot by Andrew Cogliano.
13:49 of 1st period - Shot Blocked by Nate Schmidt.
13:51 of 1st period - Shot by Sven Andrighetto.
13:51 of 1st period - Stopped by Cory Schneider without a rebound.
13:52 of 1st period - Boyd Gordon wins face-off versus Sean Monahan in Jets zone.
13:52 of 1st period - Boyd Gordon is hit by David Pastrnak.
14:25 of 1st period - Shot by Sean Monahan.
14:25 of 1st period - Shot Misses the Net.
15:40 of 1st period - Icing by Radko Gudas.
15:41 of 1st period - Vincent Lecavalier wins face-off versus Frans Nielsen in Jets zone.
16:18 of 1st period - Off-side.
16:19 of 1st period - Nick Bonino wins face-off versus Sean Monahan in neutral zone.
16:59 of 1st period - Nick Bonino is hit by Eric Gryba.
17:35 of 1st period - Shot by Joe Pavelski.
17:35 of 1st period - Stopped by Roberto Luongo without a rebound.
17:36 of 1st period - Boyd Gordon wins face-off versus Mikhail Grabovski in RedWings zone.
17:55 of 1st period - Shot by Erik Haula.
17:55 of 1st period - Stopped by Cory Schneider without a rebound.
17:56 of 1st period - Frans Nielsen wins face-off versus Jonathan Drouin in Jets zone.
17:56 of 1st period - Frans Nielsen is hit by Filip Forsberg.
18:06 of 1st period - Shot by Tyler Toffoli.
18:06 of 1st period - Deflect By Filip Forsberg.
18:06 of 1st period - Shot Misses the Net.
18:08 of 1st period - Shot by Jonathan Drouin.
18:08 of 1st period - Stopped by Cory Schneider without a rebound.
18:09 of 1st period - Mikhail Grabovski wins face-off versus David Krejci in Jets zone.
18:16 of 1st period - Shot by Mikhail Grabovski.
18:16 of 1st period - Shot Misses the Net.
18:19 of 1st period - Minor Penalty to Radko Gudas for High sticking.
18:20 of 1st period - Tyler Toffoli wins face-off versus Nick Bonino in Jets zone.
18:35 of 1st period - Shot by Filip Forsberg.
18:35 of 1st period - Shot Misses the Net.
18:37 of 1st period - Shot by Tyler Toffoli.
18:37 of 1st period - Shot Hit the Post.
18:41 of 1st period - Shot by Filip Forsberg.
18:41 of 1st period - Shot Misses the Net.
18:43 of 1st period - Shot by Filip Forsberg.
18:43 of 1st period - Shot Misses the Net.
18:45 of 1st period - Shot by Sam Gagner.
18:45 of 1st period - Stopped by Cory Schneider without a rebound.
18:46 of 1st period - David Pastrnak wins face-off versus Nick Bonino in Jets zone.
19:04 of 1st period - Shot by Jonathan Drouin.
19:04 of 1st period - Stopped by Cory Schneider without a rebound.
19:05 of 1st period - Tyler Toffoli wins face-off versus Nick Bonino in Jets zone.
19:08 of 1st period - Shot by Paul Martin.
19:08 of 1st period - Stopped by Cory Schneider without a rebound.
19:09 of 1st period - Nick Bonino wins face-off versus Tyler Toffoli in Jets zone.
19:09 of 1st period - Adam Lowry is hit by Tyler Toffoli and loses puck.
Goals for this period are 2 for RedWings vs 1 for Jets.
Shots for this period are 14 for RedWings vs 12 for Jets.

2nd period


0:01 of 2nd period - Nick Bonino wins face-off versus Tyler Toffoli in neutral zone.
0:06 of 2nd period - Shot by Nick Bonino.
0:06 of 2nd period - Shot Misses the Net.
0:08 of 2nd period - Shot by Nick Bonino.
0:08 of 2nd period - Shot Misses the Net.
0:35 of 2nd period - Shot by Frans Nielsen.
0:35 of 2nd period - Deflect By Rickard Rakell.
0:35 of 2nd period - Stopped by Roberto Luongo with a rebound.
0:39 of 2nd period - Shot by Rickard Rakell.
0:39 of 2nd period - Deflect By Cam Atkinson.
0:39 of 2nd period - Shot Misses the Net.
0:41 of 2nd period - Shot by Rickard Rakell.
0:41 of 2nd period - Shot Misses the Net.
0:43 of 2nd period - Shot by Radko Gudas.
0:43 of 2nd period - Goal by Radko Gudas - RedWings : 2 - Jets : 2.
0:44 of 2nd period - Nick Bonino wins face-off versus Jonathan Drouin in neutral zone.
1:09 of 2nd period - Shot by Filip Forsberg.
1:09 of 2nd period - Shot Misses the Net.
1:14 of 2nd period - Icing by Nick Bonino.
1:15 of 2nd period - Nick Bonino wins face-off versus Sean Monahan in Jets zone.
1:20 of 2nd period - Off-side.
1:21 of 2nd period - Sean Monahan wins face-off versus Frans Nielsen in neutral zone.
1:35 of 2nd period - Minor Penalty to Rickard Rakell for Hooking.
1:36 of 2nd period - Nick Bonino wins face-off versus Tyler Toffoli in Jets zone.
2:08 of 2nd period - Icing by Thomas Hickey.
2:09 of 2nd period - Filip Forsberg wins face-off versus Nick Bonino in RedWings zone.
2:59 of 2nd period - Shot by Sean Monahan.
2:59 of 2nd period - Shot Misses the Net.
4:10 of 2nd period - Alexandre Burrows is hit by Brent Seabrook and loses puck.
4:35 of 2nd period - Shot by Andrew Cogliano.
4:35 of 2nd period - Deflect By Vincent Lecavalier.
4:35 of 2nd period - Stopped by Cory Schneider without a rebound.
4:36 of 2nd period - Frans Nielsen wins face-off versus Jonathan Drouin in Jets zone.
4:47 of 2nd period - Nate Schmidt is hit by Filip Forsberg and loses puck.
5:05 of 2nd period - Shot by Tyler Toffoli.
5:05 of 2nd period - Shot Blocked by Radko Gudas.
5:23 of 2nd period - Off-side.
5:24 of 2nd period - Sean Monahan wins face-off versus Nick Bonino in neutral zone.
5:27 of 2nd period - Tobias Enstrom is hit by David Pastrnak and loses puck.
5:39 of 2nd period - Shot by Sean Monahan.
5:39 of 2nd period - Shot Misses the Net.
5:41 of 2nd period - Shot by David Pastrnak.
5:41 of 2nd period - Shot Misses the Net.
6:31 of 2nd period - Shot by Jason Zucker.
6:31 of 2nd period - Shot Misses the Net.
6:33 of 2nd period - Shot by Joe Pavelski.
6:33 of 2nd period - Shot Misses the Net.
6:35 of 2nd period - Shot by Joe Pavelski.
6:35 of 2nd period - Shot Misses the Net.
6:39 of 2nd period - Shot by Joe Pavelski.
6:39 of 2nd period - Stopped by Roberto Luongo without a rebound.
6:40 of 2nd period - Frans Nielsen wins face-off versus Jonathan Drouin in RedWings zone.
6:41 of 2nd period - Shot by Rickard Rakell.
6:41 of 2nd period - Stopped by Roberto Luongo without a rebound.
6:42 of 2nd period - Jonathan Drouin wins face-off versus Frans Nielsen in RedWings zone.
6:42 of 2nd period - Jonathan Drouin is hit by Rickard Rakell.
7:01 of 2nd period - Shot by Frans Nielsen.
7:01 of 2nd period - Stopped by Roberto Luongo with a rebound.
7:03 of 2nd period - Shot by Cam Atkinson.
7:03 of 2nd period - Shot Blocked by Zach Trotman.
7:05 of 2nd period - Shot by Tyler Myers.
7:05 of 2nd period - Stopped by Roberto Luongo with a rebound.
7:19 of 2nd period - Shot by Rickard Rakell.
7:19 of 2nd period - Shot Misses the Net.
7:23 of 2nd period - Shot by Frans Nielsen.
7:23 of 2nd period - Stopped by Roberto Luongo without a rebound.
7:24 of 2nd period - David Krejci wins face-off versus Sam Gagner in RedWings zone.
7:25 of 2nd period - Shot by Jason Zucker.
7:25 of 2nd period - Stopped by Roberto Luongo without a rebound.
7:26 of 2nd period - David Krejci wins face-off versus Sean Monahan in RedWings zone.
7:53 of 2nd period - Sam Gagner is hit by Hampus Lindholm and loses puck.
7:54 of 2nd period - Minor Penalty to Hampus Lindholm for Roughing.
7:55 of 2nd period - Nick Bonino wins face-off versus Tyler Toffoli in Jets zone.
8:17 of 2nd period - Shot by Sam Gagner.
8:17 of 2nd period - Stopped by Cory Schneider without a rebound.
8:18 of 2nd period - Sean Monahan wins face-off versus Nick Bonino in Jets zone.
8:56 of 2nd period - Shot by Jonathan Drouin.
8:56 of 2nd period - Shot Misses the Net.
8:58 of 2nd period - Shot by Eric Gryba.
8:58 of 2nd period - Shot Misses the Net.
9:18 of 2nd period - Shot by Sam Gagner.
9:18 of 2nd period - Stopped by Cory Schneider without a rebound.
9:19 of 2nd period - Boyd Gordon wins face-off versus Tyler Toffoli in Jets zone.
10:09 of 2nd period - Alexandre Burrows is hit by Brent Seabrook and loses puck.
10:23 of 2nd period - Off-side.
10:24 of 2nd period - Vincent Lecavalier wins face-off versus Frans Nielsen in neutral zone.
10:52 of 2nd period - Rickard Rakell is hit by Thomas Hickey and loses puck.
11:01 of 2nd period - Shot by Frans Nielsen.
11:01 of 2nd period - Shot Blocked by Thomas Hickey.
11:03 of 2nd period - Shot by Frans Nielsen.
11:03 of 2nd period - Stopped by Roberto Luongo without a rebound.
11:04 of 2nd period - Jonathan Drouin wins face-off versus David Krejci in RedWings zone.
11:06 of 2nd period - Icing by Zach Trotman.
11:07 of 2nd period - David Krejci wins face-off versus Jonathan Drouin in RedWings zone.
11:10 of 2nd period - Shot by David Krejci.
11:10 of 2nd period - Shot Misses the Net.
11:20 of 2nd period - Shot by Tyler Toffoli.
11:20 of 2nd period - Stopped by Cory Schneider without a rebound.
11:21 of 2nd period - Sean Monahan wins face-off versus Nick Bonino in Jets zone.
11:24 of 2nd period - Shot by Sean Monahan.
11:24 of 2nd period - Stopped by Cory Schneider without a rebound.
11:25 of 2nd period - Rickard Rakell wins face-off versus Sean Monahan in Jets zone.
11:46 of 2nd period - Shot by David Pastrnak.
11:46 of 2nd period - Stopped by Cory Schneider without a rebound.
11:47 of 2nd period - Jonathan Drouin wins face-off versus David Krejci in Jets zone.
11:52 of 2nd period - Shot by Jonathan Drouin.
11:52 of 2nd period - Stopped by Cory Schneider with a rebound.
12:05 of 2nd period - Shot by David Krejci.
12:05 of 2nd period - Shot Misses the Net.
12:07 of 2nd period - Shot by Joe Pavelski.
12:07 of 2nd period - Stopped by Roberto Luongo without a rebound.
12:08 of 2nd period - Sean Monahan wins face-off versus Frans Nielsen in RedWings zone.
12:15 of 2nd period - Shot by Rickard Rakell.
12:15 of 2nd period - Stopped by Roberto Luongo with a rebound.
12:33 of 2nd period - Shot by Rickard Rakell.
12:33 of 2nd period - Stopped by Roberto Luongo with a rebound.
13:15 of 2nd period - Shot by Hampus Lindholm.
13:15 of 2nd period - Stopped by Roberto Luongo without a rebound.
13:16 of 2nd period - Jonathan Drouin wins face-off versus David Krejci in RedWings zone.
13:16 of 2nd period - Tyler Toffoli is hit by Joe Pavelski and loses puck.
13:59 of 2nd period - Tyler Toffoli is hit by Jason Zucker.
14:23 of 2nd period - Shot by Mikhail Grabovski.
14:23 of 2nd period - Shot Misses the Net.
14:30 of 2nd period - Icing by Hampus Lindholm.
14:31 of 2nd period - Vincent Lecavalier wins face-off versus Nick Bonino in Jets zone.
14:45 of 2nd period - Off-side.
14:46 of 2nd period - Sean Monahan wins face-off versus Frans Nielsen in neutral zone.
15:31 of 2nd period - Icing by Zach Trotman.
15:32 of 2nd period - Sean Monahan wins face-off versus Boyd Gordon in RedWings zone.
15:43 of 2nd period - Sean Monahan is hit by Adam Lowry and loses puck.
16:03 of 2nd period - Shot by Patrick Eaves.
16:03 of 2nd period - Shot Misses the Net.
16:22 of 2nd period - Icing by Hampus Lindholm.
16:23 of 2nd period - Boyd Gordon wins face-off versus Jonathan Drouin in Jets zone.
16:23 of 2nd period - Boyd Gordon is hit by Filip Forsberg.
16:36 of 2nd period - Off-side.
16:37 of 2nd period - David Krejci wins face-off versus Mikhail Grabovski in neutral zone.
16:50 of 2nd period - Shot by Mikhail Grabovski.
16:50 of 2nd period - Shot Blocked by David Krejci.
16:52 of 2nd period - Shot by Mikhail Grabovski.
16:52 of 2nd period - Stopped by Cory Schneider without a rebound.
16:53 of 2nd period - Frans Nielsen wins face-off versus Jonathan Drouin in Jets zone.
17:00 of 2nd period - Shot by Frans Nielsen.
17:00 of 2nd period - Shot Misses the Net.
17:17 of 2nd period - Icing by Thomas Hickey.
17:18 of 2nd period - David Krejci wins face-off versus Jonathan Drouin in RedWings zone.
17:51 of 2nd period - Shot by Joe Pavelski.
17:51 of 2nd period - Stopped by Roberto Luongo without a rebound.
17:52 of 2nd period - Nick Bonino wins face-off versus Sean Monahan in RedWings zone.
18:13 of 2nd period - Shot by Teemu Pulkkinen.
18:13 of 2nd period - Stopped by Roberto Luongo without a rebound.
18:14 of 2nd period - Mikhail Grabovski wins face-off versus Frans Nielsen in RedWings zone.
18:31 of 2nd period - Shot by Erik Haula.
18:31 of 2nd period - Stopped by Cory Schneider without a rebound.
18:32 of 2nd period - Sean Monahan wins face-off versus David Krejci in Jets zone.
18:41 of 2nd period - Shot by Sean Monahan.
18:41 of 2nd period - Shot Misses the Net.
19:07 of 2nd period - Shot by Joe Pavelski.
19:07 of 2nd period - Shot Misses the Net.
19:33 of 2nd period - Shot by Rickard Rakell.
19:33 of 2nd period - Stopped by Roberto Luongo without a rebound.
19:34 of 2nd period - Nick Bonino wins face-off versus Jonathan Drouin in RedWings zone.
Goals for this period are 0 for RedWings vs 1 for Jets.
Shots for this period are 9 for RedWings vs 16 for Jets.

3rd period


0:01 of 3rd period - Rickard Rakell wins face-off versus Jonathan Drouin in neutral zone.
0:01 of 3rd period - Rickard Rakell is hit by Filip Forsberg.
0:07 of 3rd period - Shot by Brent Seabrook.
0:07 of 3rd period - Shot Blocked by Thomas Hickey.
0:10 of 3rd period - Icing by Thomas Hickey.
0:11 of 3rd period - Nick Bonino wins face-off versus Jonathan Drouin in RedWings zone.
0:12 of 3rd period - Shot by Patrick Eaves.
0:12 of 3rd period - Stopped by Roberto Luongo with a rebound.
0:41 of 3rd period - Icing by Paul Martin.
0:42 of 3rd period - Frans Nielsen wins face-off versus Jonathan Drouin in RedWings zone.
0:44 of 3rd period - Cam Atkinson is hit by Paul Martin and loses puck.
0:45 of 3rd period - Minor Penalty to Thomas Hickey for Cross-checking.
0:46 of 3rd period - David Krejci wins face-off versus Erik Haula in RedWings zone.
2:17 of 3rd period - Shot by Frans Nielsen.
2:17 of 3rd period - Stopped by Roberto Luongo without a rebound.
2:18 of 3rd period - Erik Haula wins face-off versus Jason Zucker in RedWings zone.
2:59 of 3rd period - Shot by Patrick Eaves.
2:59 of 3rd period - Stopped by Roberto Luongo without a rebound.
3:00 of 3rd period - Vincent Lecavalier wins face-off versus Boyd Gordon in RedWings zone.
3:18 of 3rd period - Icing by Boyd Gordon.
3:19 of 3rd period - Sean Monahan wins face-off versus Boyd Gordon in Jets zone.
3:36 of 3rd period - Shot by Boyd Gordon.
3:36 of 3rd period - Stopped by Roberto Luongo without a rebound.
3:37 of 3rd period - Rickard Rakell wins face-off versus Jonathan Drouin in RedWings zone.
4:16 of 3rd period - Shot by Filip Forsberg.
4:16 of 3rd period - Deflect By Jonathan Drouin.
4:16 of 3rd period - Shot Blocked by Hampus Lindholm.
4:27 of 3rd period - Icing by Hampus Lindholm.
4:28 of 3rd period - Sean Monahan wins face-off versus Rickard Rakell in Jets zone.
4:43 of 3rd period - Shot by David Pastrnak.
4:43 of 3rd period - Stopped by Cory Schneider without a rebound.
4:44 of 3rd period - Joe Pavelski wins face-off versus Mikhail Grabovski in Jets zone.
4:44 of 3rd period - Joe Pavelski is hit by Alexandre Burrows.
5:13 of 3rd period - Icing by Jamie McBain.
5:14 of 3rd period - Nick Bonino wins face-off versus Mikhail Grabovski in RedWings zone.
5:14 of 3rd period - Radko Gudas is hit by Zach Trotman and loses puck.
6:08 of 3rd period - Shot by Tyler Toffoli.
6:08 of 3rd period - Shot Blocked by Nick Bonino.
6:33 of 3rd period - Minor Penalty to Sean Monahan for Holding.
6:34 of 3rd period - Erik Haula wins face-off versus David Krejci in RedWings zone.
7:08 of 3rd period - Shot by Joe Pavelski.
7:08 of 3rd period - Shot Misses the Net.
7:49 of 3rd period - Shot by Frans Nielsen.
7:49 of 3rd period - Deflect By Cam Atkinson.
7:49 of 3rd period - Stopped by Roberto Luongo without a rebound.
7:50 of 3rd period - Andrew Cogliano wins face-off versus Frans Nielsen in RedWings zone.
8:15 of 3rd period - Shot by Jason Zucker.
8:15 of 3rd period - Shot Misses the Net.
8:17 of 3rd period - Shot by Jason Zucker.
8:17 of 3rd period - Shot Hit the Post.
9:00 of 3rd period - Shot by Vincent Lecavalier.
9:00 of 3rd period - Shot Blocked by Brent Seabrook.
9:02 of 3rd period - Shot by Eric Gryba.
9:02 of 3rd period - Stopped by Cory Schneider without a rebound.
9:03 of 3rd period - Jonathan Drouin wins face-off versus Teemu Pulkkinen in Jets zone.
9:20 of 3rd period - Shot by Filip Forsberg.
9:20 of 3rd period - Stopped by Cory Schneider without a rebound.
9:21 of 3rd period - David Krejci wins face-off versus Sean Monahan in Jets zone.
9:30 of 3rd period - Shot by Hampus Lindholm.
9:30 of 3rd period - Deflect By Joe Pavelski.
9:30 of 3rd period - Shot Misses the Net.
9:32 of 3rd period - Shot by Joe Pavelski.
9:32 of 3rd period - Shot Misses the Net.
9:45 of 3rd period - Icing by Paul Martin.
9:46 of 3rd period - Frans Nielsen wins face-off versus Sean Monahan in RedWings zone.
9:53 of 3rd period - Shot by Cam Atkinson.
9:53 of 3rd period - Stopped by Roberto Luongo without a rebound.
9:54 of 3rd period - Frans Nielsen wins face-off versus Filip Forsberg in RedWings zone.
10:06 of 3rd period - Shot by Frans Nielsen.
10:06 of 3rd period - Shot Blocked by Filip Forsberg.
10:08 of 3rd period - Shot by Tyler Myers.
10:08 of 3rd period - Stopped by Roberto Luongo with a rebound.
10:30 of 3rd period - Cam Atkinson is hit by Andrew Campbell and loses puck.
10:37 of 3rd period - Shot by Rickard Rakell.
10:37 of 3rd period - Shot Misses the Net.
10:39 of 3rd period - Shot by Frans Nielsen.
10:39 of 3rd period - Shot Blocked by Tyler Toffoli.
10:51 of 3rd period - David Krejci is hit by Filip Forsberg and loses puck.
11:13 of 3rd period - Shot by Sean Monahan.
11:13 of 3rd period - Deflect By David Pastrnak.
11:13 of 3rd period - Stopped by Cory Schneider without a rebound.
11:14 of 3rd period - Mikhail Grabovski wins face-off versus Patrick Eaves in Jets zone.
11:38 of 3rd period - Minor Penalty to Radko Gudas for Hooking.
11:39 of 3rd period - Nick Bonino wins face-off versus Sean Monahan in Jets zone.
11:39 of 3rd period - Nick Bonino is hit by Jonathan Drouin.
11:51 of 3rd period - Shot by Sean Monahan.
11:51 of 3rd period - Stopped by Cory Schneider with a rebound.
11:53 of 3rd period - Shot by Sean Monahan.
11:53 of 3rd period - Shot Blocked by Tobias Enstrom.
11:55 of 3rd period - Shot by Jamie McBain.
11:55 of 3rd period - Shot Misses the Net.
11:57 of 3rd period - Shot by Jamie McBain.
11:57 of 3rd period - Shot Misses the Net.
11:59 of 3rd period - Shot by Paul Martin.
11:59 of 3rd period - Shot Misses the Net.
12:01 of 3rd period - Shot by Sean Monahan.
12:01 of 3rd period - Stopped by Cory Schneider without a rebound.
12:02 of 3rd period - Tyler Toffoli wins face-off versus Nick Bonino in Jets zone.
12:07 of 3rd period - Shot by Tyler Toffoli.
12:07 of 3rd period - Shot Blocked by Adam Lowry.
12:09 of 3rd period - Shot by Filip Forsberg.
12:09 of 3rd period - Deflect By Tyler Toffoli.
12:09 of 3rd period - Stopped by Cory Schneider without a rebound.
12:10 of 3rd period - Filip Forsberg wins face-off versus Nick Bonino in Jets zone.
12:40 of 3rd period - Icing by Tyler Toffoli.
12:41 of 3rd period - Frans Nielsen wins face-off versus Tyler Toffoli in RedWings zone.
13:30 of 3rd period - Icing by Jamie McBain.
13:31 of 3rd period - Sean Monahan wins face-off versus Nick Bonino in RedWings zone.
13:54 of 3rd period - Shot by David Krejci.
13:54 of 3rd period - Stopped by Roberto Luongo with a rebound.
13:56 of 3rd period - Shot by Nate Schmidt.
13:56 of 3rd period - Shot Blocked by Zach Trotman.
14:06 of 3rd period - Shot by Joe Pavelski.
14:06 of 3rd period - Stopped by Roberto Luongo without a rebound.
14:07 of 3rd period - Vincent Lecavalier wins face-off versus Frans Nielsen in RedWings zone.
14:07 of 3rd period - Vincent Lecavalier is hit by Frans Nielsen.
14:28 of 3rd period - Shot by Rickard Rakell.
14:28 of 3rd period - Stopped by Roberto Luongo without a rebound.
14:29 of 3rd period - Sean Monahan wins face-off versus David Krejci in RedWings zone.
14:45 of 3rd period - Off-side.
14:46 of 3rd period - Jonathan Drouin wins face-off versus Frans Nielsen in neutral zone.
14:59 of 3rd period - Shot by Filip Forsberg.
14:59 of 3rd period - Stopped by Cory Schneider without a rebound.
15:00 of 3rd period - David Krejci wins face-off versus Sean Monahan in Jets zone.
15:13 of 3rd period - Shot by Hampus Lindholm.
15:13 of 3rd period - Shot Misses the Net.
15:15 of 3rd period - Shot by Tobias Enstrom.
15:15 of 3rd period - Shot Blocked by Andrew Campbell.
15:37 of 3rd period - Shot by Joe Pavelski.
15:37 of 3rd period - Stopped by Roberto Luongo without a rebound.
15:38 of 3rd period - Jonathan Drouin wins face-off versus Frans Nielsen in RedWings zone.
15:55 of 3rd period - Tyler Myers is hit by Filip Forsberg and loses puck.
16:17 of 3rd period - Off-side.
16:18 of 3rd period - Mikhail Grabovski wins face-off versus Nick Bonino in neutral zone.
16:49 of 3rd period - Nick Bonino is hit by Erik Haula and loses puck.
17:25 of 3rd period - Icing by Radko Gudas.
17:26 of 3rd period - Sean Monahan wins face-off versus David Krejci in Jets zone.
18:09 of 3rd period - Off-side.
18:10 of 3rd period - Frans Nielsen wins face-off versus Jonathan Drouin in neutral zone.
18:47 of 3rd period - Shot by Jonathan Drouin.
18:47 of 3rd period - Stopped by Cory Schneider with a rebound.
19:01 of 3rd period - Shot by Thomas Hickey.
19:01 of 3rd period - Shot Misses the Net.
19:37 of 3rd period - Icing by Sven Andrighetto.
19:38 of 3rd period - David Krejci wins face-off versus Vincent Lecavalier in RedWings zone.
Goals for this period are 0 for RedWings vs 0 for Jets.
Shots for this period are 9 for RedWings vs 11 for Jets.

Overtime #1


0:01 of 1st overtime period - Sean Monahan wins face-off versus David Krejci in neutral zone.
0:20 of 1st overtime period - Shot by Tyler Toffoli.
0:20 of 1st overtime period - Stopped by Cory Schneider without a rebound.
0:21 of 1st overtime period - Frans Nielsen wins face-off versus Sam Gagner in Jets zone.
1:26 of 1st overtime period - Shot by Filip Forsberg.
1:26 of 1st overtime period - Shot Blocked by Hampus Lindholm.
1:38 of 1st overtime period - Shot by David Krejci.
1:38 of 1st overtime period - Shot Misses the Net.
1:44 of 1st overtime period - Shot by Joe Pavelski.
1:44 of 1st overtime period - Stopped by Roberto Luongo with a rebound.
1:46 of 1st overtime period - Shot by Joe Pavelski.
1:46 of 1st overtime period - Shot Misses the Net.
2:03 of 1st overtime period - Icing by Thomas Hickey.
2:04 of 1st overtime period - Nick Bonino wins face-off versus Sean Monahan in RedWings zone.
2:19 of 1st overtime period - Shot by Nick Bonino.
2:19 of 1st overtime period - Shot Misses the Net.
3:27 of 1st overtime period - Shot by David Krejci.
3:27 of 1st overtime period - Stopped by Roberto Luongo without a rebound.
3:28 of 1st overtime period - Joe Pavelski wins face-off versus Jonathan Drouin in RedWings zone.
3:45 of 1st overtime period - Shot by Joe Pavelski.
3:45 of 1st overtime period - Goal by Joe Pavelski - RedWings : 2 - Jets : 3.
Goals for this period are 0 for RedWings vs 1 for Jets.
Shots for this period are 1 for RedWings vs 3 for Jets.